 Dungeon Crawl Stone Soup version 0.29.1-12-g30fa7ad0bf (webtiles) character file.

Game seed: 4314220542495479763

1472 Luthien the Magician (level 8, -3/48 HPs)
             Began as a Deep Elf Conjurer on Jan 4, 2023.
             Was a Follower of Vehumet.
             Slain by an ice beast (6 damage)
             ... on level 6 of the Dungeon.
             The game lasted 00:20:55 (7170 turns).

Luthien the Magician (Deep Elf Conjurer)            Turns: 7170, Time: 00:20:56

Health: -3/48      AC:  3    Str:  4    XL:     8   Next: 49%
Magic:  9/21       EV: 11    Int: 26    God:    Vehumet [*.....]
Gold:   217        SH:  0    Dex: 13    Spells: 15/22 levels left

rFire   . . .      SeeInvis .   l - +1 dagger (elec)
rCold   . . .      Faith    .   (no shield)
rNeg    . . .      Spirit   .   h - +0 leather armour
rPois   .          Reflect  .   (no helmet)
rElec   .          Harm     .   (no cloak)
rCorr   +          Rampage  .   (no gloves)
Will    .....                   (no boots)
Stlth   ++........              (no amulet)
HPRegen 0.16/turn               k - ring of resist corrosion
MPRegen 0.17/turn               (no ring)

@: no status effects
A: no striking features
a: Renounce Religion


You were on level 6 of the Dungeon.
You worshipped Vehumet.
Vehumet was aware of your devotion.
You visited 2 branches of the dungeon, and saw 7 of its levels.

You collected 217 gold pieces.

Inventory:

Hand Weapons
 f - a +0 short sword
 i - a +0 dagger
 l - a +1 dagger of electrocution (weapon)
Missiles
 g - 14 poisoned darts (quivered)
 j - 34 stones
 w - a throwing net
 y - 2 javelins
Armour
 a - a +0 robe
 h - a +0 leather armour (worn)
 A - a +0 leather armour
Magical Staves
 s - a staff of earth
 x - a staff of air
Jewellery
 k - a ring of resist corrosion (left hand)
Scrolls
 c - a scroll of magic mapping {unknown}
 d - a scroll of blinking {unknown}
 e - a scroll of vulnerability {unknown}
 n - 3 scrolls of identify {unknown}
 o - a scroll of torment {unknown}
 q - 3 scrolls of teleportation {unknown}
 r - 2 scrolls of enchant armour {unknown}
 C - 2 scrolls of immolation {unknown}
Potions
 b - a potion of magic
 m - a potion of degeneration {unknown}
 p - 4 potions of flight {unknown}
 t - 2 potions of curing {unknown}
 u - 2 potions of attraction {unknown}
 v - 2 potions of lignification {unknown}
 z - a potion of mutation {unknown}
 B - a potion of heal wounds {unknown}
 D - a potion of brilliance {unknown}


   Skills:
 + Level 4.2 Fighting
 - Level 3.0 Dodging
 - Level 3.0 Stealth
 + Level 7.6 Spellcasting
 + Level 7.4 Conjurations
 * Level 5.9 Hexes


You had 15 spell levels left.
You knew the following spells:

 Your Spells              Type           Power      Damage    Failure   Level
a - Magic Dart            Conj           100%       1d8       1%          1
b - Searing Ray           Conj           96%        2d7       1%          2
p - Fulminant Prism       Conj/Hex       22%        3d13      7%          4

Your spell library contained the following spells:

 Spells                   Type           Power      Damage    Failure   Level
 Shock                    Conj/Air       100%       1d9       2%          1
 Dazzling Flash           Conj/Hex       88%        N/A       1%          3
 Confusing Touch          Hex            40%        N/A       2%          3
 Apportation              Tloc           18%        N/A       11%         1
 Necrotise                Necr           36%        1d5       11%         1
 Summon Small Mammal      Summ           36%        N/A       11%         1
 Iskenderun's Mystic Bla  Conj/Tloc      29%        2d7       22%         4
 Yara's Violent Unravell  Hex/Tmut       12%        3d7       65%         5
 Olgreb's Toxic Radiance  Pois           9%         N/A       71%         4
 Enfeeble                 Hex            20%        N/A       100%        7
 Ozocubu's Refrigeration  Ice            4%         4d8       100%        7
 Ignition                 Fire           4%         3d4       100%        8


Dungeon Overview and Level Annotations

Branches:
Dungeon (6/15)             Temple (1/1) D:4

Altars:
Ashenzari
Cheibriados
Dithmenos
Elyvilon
Fedhas
Hepliaklqana
Makhleb
Nemelex Xobeh
Okawaru
Qazlal
Sif Muna
Trog
Uskayaw
Vehumet
Wu Jian
Xom
Yredelemnul
Zin
The Shining One

Annotations:
D:3 3 runed translucent doors, nullcheck's ghost, amateur BaAr
D:4 Blork the orc; Edmund
D:6 1 runed translucent door, Crazy Yiuf


Message History

The bullfrog closely misses you. x2; The sky beast flickers out of sight!
Deactivating autopickup; reactivate with Ctrl-A.
The searing ray hits the bullfrog!
You kill the bullfrog!
Vehumet accepts your kill. Something hits you but does no damage.
Something hits you. Something shocks you.
You see here a bullfrog corpse.
An ice beast comes into view.
A jelly comes into view.
The orc hits you but does no damage. Something hits you. Something shocks you.
The orc hits you with a +0 dagger. The orc hits you but does no damage.
Something hits you. Something shocks you.
The jelly quivers.
Something hits you. Something shocks you. The ice beast hits you.
* * * LOW HITPOINT WARNING * * *
The ice beast freezes you!
* * * LOW HITPOINT WARNING * * *
The ice beast attacks as you move away!
The ice beast hits you but does no damage.
An ice beast comes into view.
A sky beast appears from thin air!
Reactivating autopickup.
The sky beast flickers out of sight!
Deactivating autopickup; reactivate with Ctrl-A.
The ice beast attacks as you move away!
The ice beast hits you but does no damage.
The ice beast attacks as you move away! The ice beast hits you.
* * * LOW HITPOINT WARNING * * *
The ice beast freezes you.
* * * LOW HITPOINT WARNING * * *
A sky beast appears from thin air!
Reactivating autopickup.
The sky beast flickers out of sight!
Deactivating autopickup; reactivate with Ctrl-A.
There is a stone staircase leading down here.
The ice beast attacks as you move away! The ice beast hits you.
* * * LOW HITPOINT WARNING * * *
The ice beast freezes you.
You die...

#..####...#####..#
#..# ##.## #..# #..#
#...#####o.### ###..#
#.#.....†....# .....#
#...###.#..#.#
..##.####.### #.#J.#[#
...#.......# #.#..#.#
....#####..####.#Y.#.#
....# #.......@..#.#
....# #.#####.##.#.#
#...# #.# #.##.#.#
##.## #.# #.##.#.#
##.# #.# #.##.# #.##
>.. ...... ##.# ..# ##
#.## ### #+#


You could see an ice beast, a jelly and an orc.

Vanquished Creatures
  Eustachio (D:4)
  2 wyverns (D:6)
  A sky beast (D:5)
  A black bear (D:6)
  An ogre (D:5)
  A bullfrog (D:6)
  A necrophage (D:6)
  3 scorpions
  3 jellies (D:5)
  3 hounds
  An iguana (D:5)
  2 hound zombies (D:3)
  7 gnolls (D:3)
  8 adders
  A shadow imp (D:6)
  A white imp (D:5)
  4 worms
  A dart slug (D:4)
  5 orcs
  11 endoplasms
  3 goblins
  8 hobgoblins
  6 jackals
  5 kobolds
  3 quokkas
  4 ball pythons
  7 bats
  3 frilled lizards (D:1)
  6 rats
103 creatures vanquished.

Vanquished Creatures (others)
  3 fulminant prisms (D:6)
3 creatures vanquished.

Grand Total: 106 creatures vanquished

Notes
Turn   | Place    | Note
-------+----------+-------------------------------------------
     0 | D:1      | Luthien the Deep Elf Conjurer began the quest for the Orb.
     0 | D:1      | Reached XP level 1. HP: 10/10 MP: 6/6
   520 | D:1      | Reached XP level 2. HP: 15/15 MP: 5/8
   523 | D:1      | Learned a level 2 spell: Searing Ray
   807 | D:1      | Found a faded altar of an unknown god.
  1395 | D:2      | Reached XP level 3. HP: 20/20 MP: 3/10
  2714 | D:3      | Found a runed translucent gate.
  2714 | D:3      | Found a runed translucent gate.
  2714 | D:3      | Found a runed translucent gate.
  2714 | D:3      | Noticed nullcheck's ghost (amateur BaAr)
  2716 | D:3      | Found a basalt altar of Yredelemnul.
  2725 | D:3      | Reached skill level 1 in Fighting
  2813 | D:3      | Reached skill level 5 in Conjurations
  2813 | D:3      | Reached XP level 4. HP: 24/25 MP: 7/12
  3651 | D:3      | Found a snail-covered altar of Cheibriados.
  3651 | D:3      | Found a sparkling altar of Nemelex Xobeh.
  3954 | D:3      | Reached XP level 5. HP: 30/30 MP: 8/13
  4557 | D:3      | Reached skill level 5 in Spellcasting
  4866 | D:4      | Noticed Eustachio
  4878 | D:4      | Killed Eustachio
  4879 | D:4      | Reached XP level 6. HP: 36/36 MP: 1/16
  5152 | D:4      | Found a staircase to the Ecumenical Temple.
  5166 | Temple   | Entered the Ecumenical Temple
  5341 | Temple   | Became a worshipper of Vehumet
  5403 | D:4      | Found a glowing golden altar of the Shining One.
  5433 | D:4      | Noticed Blork the orc
  5433 | D:4      | Noticed Edmund
  5441 | D:5      | Entered Level 5 of the Dungeon
  5569 | D:5      | Reached XP level 7. HP: 41/41 MP: 10/18
  5577 | D:5      | Learned a level 4 spell: Fulminant Prism
  5634 | D:5      | Reached skill level 1 in Hexes
  5916 | D:5      | Found a shimmering blue altar of Sif Muna.
  6852 | D:6      | Noticed a wyvern
  6866 | D:6      | Killed a wyvern
  6867 | D:6      | Reached XP level 8. HP: 48/48 MP: 14/20
  6905 | D:6      | Reached * piety under Vehumet
  6905 | D:6      | Offered knowledge of Shock by Vehumet.
  6987 | D:6      | Found a runed translucent door.
  6988 | D:6      | Noticed Crazy Yiuf
  7112 | D:6      | Reached skill level 5 in Hexes
  7159 | D:6      | HP: 2/48 [ice beast (5)]
  7170 | D:6      | Slain by an ice beast

Illustrated notes

Levels and vault maps discovered:
D:1:      eino_arrival_tree_alley, layout_basic,
          hellmonk_ecumenical_altar_pennies_from_heaven, hex_medium
D:2:      layout_basic, grunt_decor_fettered
D:3:      layout_basic, nicolae_yredelemnul_ghost_church,
          nicolae_overflow_two_pavilions
D:4:      layout_cave_pools, nicolae_overflow_crystal_walls,
          minmay_temple_entry_trees, serial_shops, shop_fountains,
          grunt_decor_clamped, uniq_pargi, uniq_grinder, uniq_blork_the_orc,
          uniq_edmund, uniq_robin, uniq_eustachio
D:5:      layout_loops_ring, mainiacjoe_overflow_alcove_4
D:6:      hangedman_cross_stitches, layout_loops_ring,
          mainiacjoe_overflow_big_doors, serial_shops, shop,
          uniq_crazy_yiuf_cottage
Temple:   nicolae_temple_superstar

Skill      XL: |  1  2  3  4  5  6  7  8 |
---------------+-------------------------+-----
Dodging        | 3 |  3.0
Stealth        | 3 |  3.0
Fighting       | 1 2 3 4 |  4.2
Spellcasting   | 4 5 6 7 |  7.6
Conjurations   | 5 6 7 |  7.4
Hexes          | 4 5 |  5.9

Action                   |  1- 3 |  4- 6 |  7- 9 || total
-------------------------+-------+-------+-------++-------
 Cast: Magic Dart        |    55 |    77 |    30 ||   162
       Searing Ray       |     6 |    24 |    17 ||    47
       Fulminant Prism   |       |       |     3 ||     3
Armor: Leather armour    |     1 |     5 |    13 ||    19
Dodge: Dodged            |     7 |    19 |    13 ||    39
